 Dungeon Crawl Stone Soup version 0.18.1-6-gd335043 (webtiles) character file.

7 FitzyFitz the Caller (level 1, 0/14 HPs)
             Began as a Demigod Summoner on May 16, 2016.
             Slain by a kobold
             ... wielding a +0 dagger
              (2 damage)
             ... on level 1 of the Dungeon.
             The game lasted 00:01:53 (950 turns).

FitzyFitz the Caller (Demigod Summoner)              Turns: 950, Time: 00:01:54

Health: 0/14       AC:  2    Str: 11    XL:     1   Next: 66%
Magic:  1/5        EV: 12    Int: 19    God:
Gold:   6          SH:  0    Dex: 16    Spells: 1 memorised, 2 levels left

rFire  . . .     SeeInvis .     m - +0 spear
rCold  . . .     Gourm    .     a - +0 robe
rNeg   . . .     Faith    .     (no shield)
rPois  .         Spirit   .     (no helmet)
rElec  .         Dismiss  .     (no cloak)
rCorr  .         Reflect  .     (no gloves)
SustAt +         Harm     .     (no boots)
MR     .....                    (no amulet)
Stlth  ++........               (no ring)
                                (no ring)

@: very slightly contaminated, not resistant to hostile enchantments, unstealthy
A: high mp 1, sustain attributes
a: no special abilities


You were on level 1 of the Dungeon.
You were not hungry.

You visited 1 branch of the dungeon, and saw 1 of its levels.

You collected 6 gold pieces.

Inventory:

Hand Weapons
 j - a +0 dagger
 m - a +0 spear (weapon)
Missiles
 d - 6 stones (quivered)
 g - 21 arrows
 h - 7 poisoned needles
 o - 30 bolts
Armour
 a - a +0 robe (worn)
Scrolls
 e - a scroll of identify {unknown}
 f - 5 scrolls of random uselessness {unknown}
 l - a scroll of noise {unknown}
 n - a scroll of remove curse {unknown}
Books
 b - a book of Callings

   Spells                             Type                      Level
   a - Summon Small Mammal            Summoning                    1
   b - Call Imp                       Summoning                    2
   c - Call Canine Familiar           Summoning                    3
   d - Summon Guardian Golem          Hexes/Summoning              3
   e - Summon Lightning Spire         Summoning/Air                4
   f - Summon Ice Beast               Ice/Summoning                4
Comestibles
 c - a bread ration
 i - 3 chunks of flesh
 k - a slice of pizza


   Skills:
 - Level 1.7 Dodging
 - Level 1.7 Stealth
 - Level 1.7 Spellcasting
 + Level 4.0 Summonings


You had 2 spell levels left.
You knew the following spells:

 Your Spells              Type           Power        Failure   Level  Hunger
a - Summon Small Mammal   Summ           ###.         4%          1    #......


Dungeon Overview and Level Annotations

Branches:
Dungeon (1/15)


Innate Abilities, Weirdness & Mutations

You have an increased reservoir of magic (+10% MP).
Your attributes are resistant to harm.


Message History

Your quokka's corpse disappears in a puff of smoke!
The kobold throws a stone.
The stone barely misses you.
Casting: Summon Small Mammal
Confirm with . or Enter, or press ? or * to list all spells.
You swap places.
The kobold hits your rat with a short sword.
Your rat dies!
Your rat's corpse disappears in a puff of smoke!
Casting: Summon Small Mammal
Confirm with . or Enter, or press ? or * to list all spells.
The rat bites your rat.
Your rat dies!
Your rat's corpse disappears in a puff of smoke!
Casting: Summon Small Mammal
Confirm with . or Enter, or press ? or * to list all spells.
The kobold barely misses you. The kobold hits you but does no damage.
You aren't carrying any potions.
You closely miss the kobold.
Your rat bites the kobold.
The kobold hits you with a dagger.
You die...

#...#........##.######..#...
#...+##.####..#.....#..#'...
#....##.#####.#.###.#.##.... .
#.....#...###.#...#...#.....
..##.....###..##.###.#####.....
...........##.##..##..##.......
#......⌠....(####.####'....⌠...
#...........rr###'###..........
####.........K@................
#.........K.................
#.....#####.......############
###... #.##.##+######## #...
#.##.....†.....# #...
#...>..........# #...
#####..........# #...
#..........#####
#..........#...#


You could see 2 kobolds, a rat and a friendly rat.

Vanquished Creatures
  2 goblins (D:1)
  A bat (D:1)
  4 rats (D:1)
7 creatures vanquished.

Vanquished Creatures (collateral kills)
  A giant gecko (D:1)
1 creature vanquished.

Grand Total: 8 creatures vanquished

Notes
Turn   | Place    | Note
--------------------------------------------------------------
     0 | D:1      | FitzyFitz the Demigod Summoner began the quest for the Orb.
     0 | D:1      | Reached XP level 1. HP: 14/14 MP: 5/5
   927 | D:1      | Reached skill level 4 in Summonings
   950 | D:1      | Slain by a kobold

Skill      XL: |  1 |
---------------+----+-----
Summonings     | 4 |  4.0
Dodging        | |  1.7
Stealth        | |  1.7
Spellcasting   | |  1.7

Action                   || total
-------------------------++-------
Melee: Unarmed           ||    17
       Spear             ||    11
       Dagger            ||     4
 Cast: Summon Small Mamm ||     8
 Stab: Sleeping          ||     1
Dodge: Dodged            ||    20
